 Dungeon Crawl Stone Soup version 0.28-a0-514-g0d7ab7f379 (webtiles) character file.

Game seed: 11112356713965861556

5383 robertstho the Thaumaturge (level 10, -1/70 HPs)
             Began as a Djinni Fire Elementalist on Sept 22, 2021.
             Was an Initiate of Gozag.
             Slain by a centaur warrior (10 damage)
             ... on level 10 of the Dungeon.
             The game lasted 00:15:48 (12745 turns).

robertstho the Thaumaturge (DjFE)                  Turns: 12745, Time: 00:15:50

Health: -1/70      AC:  2    Str:  7    XL:     10   Next: 98%
Gold:   586        EV: 14    Int: 20    God:    Gozag SH:  0 Dex: 20

rFire   + . .      SeeInvis .   D - +7 war axe of Dawn {flame, rF- rC+ Dex+6}
rCold   + . .      Faith    .   (no shield)
rNeg    . . .      Spirit   .   a - +0 robe
rPois   ∞          Reflect  .   (no helmet)
rElec   .          Harm     .   (no cloak)
rCorr   +          Rampage  .   (no gloves)
Will    +....                   (boots unavailable)
Stlth   +++.......              k - amulet of regeneration
HPRegen 1.21/turn               h - ring of resist corrosion
MPRegen 0.00/turn               z - ring of protection from cold

@: flying, hasted, very quick
A: sickness immunity, fire resistance 2, cold vulnerability 1, float, innate
caster, hp casting, extra vitality 1
a: Renounce Religion, Potion Petition, Call Merchant, Bribe Branch


You were on level 10 of the Dungeon.
You worshipped Gozag.
Gozag was pleased with you.
You visited 1 branch of the dungeon, and saw 10 of its levels.

You collected 1704 gold pieces.
You spent 204 gold pieces at shops.
You paid 914 gold pieces to Gozag.

Inventory:

Hand Weapons
 b - a +0 falchion
 D - the +7 war axe of Dawn (weapon) {flame, rF- rC+ Dex+6}
   (You bought it in a shop on level 9 of the Dungeon)

   It burns those it strikes, dealing additional fire damage.
   Big, fiery blades are also staple armaments of hydra-hunters.
   Dex:       It affects your dexterity (+6).
   rF:        It makes you vulnerable to fire.
   rC:        It protects you from cold.
Armour
 a - a +0 robe (worn)
 v - +0 steam dragon scales
Jewellery
 h - a ring of resist corrosion (left hand)
 k - an amulet of regeneration (around neck)
 z - a ring of protection from cold (right hand)
Wands
 c - a wand of paralysis (7)
 g - a wand of polymorph (11)
 B - a wand of mindburst (10)
Scrolls
 d - a scroll of holy word {unknown}
 e - 2 scrolls of enchant weapon {unknown}
 f - 3 scrolls of enchant armour {unknown}
 j - 2 scrolls of vulnerability {unknown}
 l - 3 scrolls of teleportation {unknown}
 m - 3 scrolls of fear {unknown}
 n - 2 scrolls of torment {unknown}
 q - a scroll of blinking {unknown}
 s - a scroll of summoning {unknown}
 t - 2 scrolls of fog
 x - a scroll of immolation {unknown}
 A - a scroll of magic mapping
Potions
 i - 3 potions of lignification
 o - 2 potions of curing
 p - a potion of haste
 r - 2 potions of heal wounds {unknown}
 u - 3 potions of degeneration {unknown}
 w - 2 potions of attraction {unknown}
 C - 2 potions of mutation {unknown}


   Skills:
 * Level 5.5 Fighting
 + Level 2.6 Long Blades
 + Level 4.4 Dodging
 + Level 3.8 Stealth
 * Level 10.3 Spellcasting
 + Level 2.0 Evocations


You had 7 spell levels left.
You knew the following spells:

 Your Spells              Type           Power      Damage    Failure   Level
a - Foxfire               Conj/Fire      100%       2x1d9     1%          1
b - Scorch                Fire           100%       2d10      1%          2
c - Conjure Flame         Conj/Fire      51%        6-21      1%          3
d - Inner Flame           Hex/Fire       51%        N/A       1%          3
e - Flame Wave            Conj/Fire      51%        3d10      1%          4
f - Beastly Appendage     Tmut           100%       N/A       1%          1
g - Wereblood             Tmut           51%        N/A       1%          2
h - Portal Projectile     Hex/Tloc       100%       N/A       1%          3
i - Dazzling Flash        Conj/Hex       100%       N/A       1%          3
Your spell library was empty.

Dungeon Overview and Level Annotations

Branches:
Dungeon (10/15)            Temple (0/1) D:4            Lair (0/6) D:9
    Orc: D:9-12

Altars:
Ashenzari
Elyvilon
Gozag
Hepliaklqana
Nemelex Xobeh
Okawaru
Sif Muna
Vehumet

Shops:
D:9 (

Annotations:
D:9 3 runed translucent doors, haplo13's ghost, novice HOFi


Innate Abilities, Weirdness & Mutations

You are immune to sickness and miasma.
You are immune to poison.
Your flesh is very heat resistant. (rF++)
You are vulnerable to cold. (rC-)
You float through the air rather than walking.
You learn spells naturally, not from books.
Your magical power is your life essence.
You have superior vitality. (+4 HP)


Message History

A centaur warrior is nearby!
A centaur warrior is nearby!
A centaur warrior is nearby!
The centaur warrior shouts!
The centaur warrior wields a +0 shortbow.
The centaur warrior shoots an arrow.
The arrow hits you!
You slash the centaur warrior! You burn the centaur warrior.
The centaur warrior is moderately wounded.
The centaur warrior unwields a +0 shortbow.
The centaur warrior hits you!
The centaur warrior kicks you but does no damage.
The centaur warrior closely misses you. The centaur warrior kicks you.
You hit the centaur warrior but do no damage.
The centaur warrior is moderately wounded.
The centaur warrior hits you!
The centaur warrior kicks you but does no damage.
The centaur warrior hits you! The centaur warrior kicks you.
The centaur warrior hits you!
* * * LOW HITPOINT WARNING * * *
The centaur warrior closely misses you.
You feel better. The centaur warrior hits you!
* * * LOW HITPOINT WARNING * * *
The centaur warrior kicks you.
* * * LOW HITPOINT WARNING * * *
[a] - 300 gold - heal wounds and haste [b] - 230 gold - resistance [c] - 87 gold - curing Purchase which effect?
You feel much better.
You feel yourself speed up. The centaur warrior hits you!
* * * LOW HITPOINT WARNING * * *
The centaur warrior kicks you but does no damage.
The centaur warrior closely misses you. The centaur warrior kicks you.
* * * LOW HITPOINT WARNING * * *
As you read the scroll labelled QANIUGH YKKASM, it crumbles to dust.
You hear a loud clanging noise!
It was a scroll of noise.
You hear a shout!
The centaur warrior hits you!
You die...
Your body crumbles into a pile of gold.

....... ##..### .......
##.....## .......
###........
.......#######.....#....
................#######.
..............### ##
..........#####
........### .......@#
.......c# .........
.......... ...........
............
.............
..............


You could see a centaur warrior.

Vanquished Creatures
  A two-headed ogre (D:5)
  2 centaur zombies
  Maggie (D:7)
  Prince Ribbit (D:9)
  A troll (D:5)
  3 yaks (D:4)
  A wraith (D:9)
  An acid dragon (D:9)
  A water moccasin (D:9)
  3 orc warriors
  A sky beast (D:5)
  A black bear (D:7)
  2 necrophages
  2 centaurs
  A kobold brigand (D:9)
  5 bullfrogs
  Blork the orc (D:4)
  An elf skeleton (D:5)
  A wyvern skeleton (D:7)
  2 water moccasin zombies
  A water moccasin skeleton (D:5)
  4 killer bees (D:9)
  2 howler monkeys
  2 hounds
  A human zombie (D:5)
  5 orc priests
  3 iguanas
  5 jellies
  3 human skeletons (D:5)
  Ijyb (D:4)
  9 orc wizards
  2 killer bee zombies (D:9)
  2 hound skeletons
  2 howler monkey zombies
  Robin (D:4)
  4 gnolls
  9 adders
  A shadow imp (D:6)
  2 white imps
  2 ufetubi
  An adder skeleton (D:5)
  3 dart slugs
  32 orcs
  13 ball pythons
  3 endoplasms
  6 giant cockroaches
  18 goblins
  12 hobgoblins
  6 jackals
  3 quokkas
  4 bats
  A frilled lizard (D:1)
  11 kobolds
  An orc skeleton (D:5)
  7 rats
214 creatures vanquished.

Vanquished Creatures (others)
  143 foxfires
  A plant (D:2)
144 creatures vanquished.

Grand Total: 358 creatures vanquished

Notes
Turn   | Place    | Note
-------+----------+-------------------------------------------
     0 | D:1      | robertstho the Djinni Fire Elementalist began the quest for
                  | the Orb.
     0 | D:1      | Reached XP level 1. HP: 15/15 MP: 0/0
   235 | D:1      | Reached XP level 2. HP: 20/22 MP: 0/0
  1099 | D:1      | Found a faded altar of an unknown god.
  1130 | D:1      | Reached skill level 3 in Spellcasting
  1130 | D:1      | Reached XP level 3. HP: 18/26 MP: 0/0
  1130 | D:1      | Learned a level 1 spell: Beastly Appendage
  2528 | D:2      | Reached skill level 1 in Fighting
  2528 | D:2      | Reached XP level 4. HP: 25/32 MP: 0/0
  3352 | D:3      | Reached XP level 5. HP: 9/37 MP: 0/0
  3352 | D:3      | Learned a level 2 spell: Wereblood
  3751 | D:3      | Reached skill level 4 in Spellcasting
  4298 | D:3      | Found an opulent altar of Gozag.
  4387 | D:3      | Became a worshipper of Gozag Ym Sagoz the Greedy
  4647 | D:3      | Reached XP level 6. HP: 27/42 MP: 0/0
  5497 | D:4      | Noticed a yak
  5497 | D:4      | Noticed Robin
  5498 | D:4      | Noticed Ijyb
  5499 | D:4      | Noticed a yak
  5500 | D:4      | Noticed a yak
  5511 | D:4      | Noticed Blork the orc
  5548 | D:4      | Killed Blork the orc
  5550 | D:4      | Killed Ijyb
  5551 | D:4      | Reached skill level 5 in Spellcasting
  5553 | D:4      | Killed a yak
  5554 | D:4      | Reached XP level 7. HP: 13/49 MP: 0/0
  5554 | D:4      | Learned a level 3 spell: Portal Projectile
  5557 | D:4      | Killed a yak
  5871 | D:4      | Killed a yak
  5872 | D:4      | Reached skill level 6 in Spellcasting
  5872 | D:4      | Reached XP level 8. HP: 5/55 MP: 0/0
  6178 | D:4      | Killed Robin
  6764 | D:4      | Found a staircase to the Ecumenical Temple.
  6776 | D:5      | Entered Level 5 of the Dungeon
  6790 | D:5      | Noticed a two-headed ogre
  6799 | D:5      | Killed a two-headed ogre
  6800 | D:5      | Reached skill level 1 in Long Blades
  6800 | D:5      | Reached skill level 7 in Spellcasting
  6800 | D:5      | Reached skill level 1 in Evocations
  6800 | D:5      | Reached XP level 9. HP: 12/62 MP: 0/0
  6800 | D:5      | Learned a level 3 spell: Dazzling Flash
  7060 | D:5      | Noticed a troll
  7205 | D:5      | Killed a troll
  7567 | D:5      | Reached skill level 8 in Spellcasting
  8718 | D:6      | Reached XP level 10. HP: 69/69 MP: 0/0
  8872 | D:6      | Found a broken altar of Ashenzari.
  9343 | D:6      | Found a white marble altar of Elyvilon.
  9459 | D:7      | Reached skill level 9 in Spellcasting
  9505 | D:7      | Noticed Maggie
  9511 | D:7      | Killed Maggie
 10179 | D:8      | Reached skill level 5 in Fighting
 10560 | D:8      | Found an iron altar of Okawaru.
 10572 | D:8      | Found a sparkling altar of Nemelex Xobeh.
 10591 | D:8      | Found a hazy altar of Hepliaklqana.
 11116 | D:8      | Reached skill level 10 in Spellcasting
 11759 | D:9      | Found a staircase to the Lair.
 11956 | D:9      | Found a runed translucent gate.
 11956 | D:9      | Found a runed translucent gate.
 11956 | D:9      | Found a runed translucent gate.
 11957 | D:9      | Noticed haplo13's ghost (novice HOFi)
 11957 | D:9      | Noticed a kobold demonologist
 12424 | D:9      | Noticed Prince Ribbit
 12432 | D:9      | Killed Prince Ribbit
 12639 | D:9      | Bought an ancient war axe for 204 gold pieces
 12639 | D:9      | Identified the +7 war axe of Dawn {flame, rF- rC+ Dex+6}
                  | (You bought it in a shop on level 9 of the Dungeon)
 12660 | D:10     | Entered Level 10 of the Dungeon
 12738 | D:10     | Noticed a centaur warrior
 12743 | D:10     | HP: 3/70 [centaur warrior (3)]
 12745 | D:10     | Slain by a centaur warrior

Illustrated notes

Levels and vault maps discovered:
D:1:      minmay_arrival_four_loops, layout_basic,
          hellmonk_ecumenical_altar_inner_sanctum, minmay_tall_x
D:2:      minmay_evil_eye, layout_loops_corners, minmay_shallow_snake_nest
D:3:      minmay_angry_zag, layout_loops_ring, mainiacjoe_overflow_alcove_2,
          kennysheep_generic_room_5
D:4:      layout_loops_ring, minmay_temple_entry_enclosed_plants, uniq_robin,
          uniq_ijyb, uniq_blork_the_orc
D:5:      cheibrodos_fzero, layout_rooms, nicolae_ossuary_entry_catacombs,
          skrybe_limestone_x, kennysheep_generic_room_13
D:6:      layout_rooms, mainiacjoe_overflow_swirl, serial_co_window_serial,
          co_window_corner_a, co_window_corner_a, co_window_of_opportunity_a,
          co_window_paths_a, co_window_paths_a, co_window_of_opportunity_a,
          co_window_unsneaky_path_b, co_window_2corner,
          co_window_of_opportunity_c, co_window_2corner, co_window_paths_d,
          co_window_sun, glass_columns_b, glass_columns_a, glass_columns_c,
          chequers_serial_rivers_micro_a
D:7:      layout_loops_ring, uniq_maggie
D:8:      layout_layer_cave, minmay_overflow_temple_star_hex, solitary_fountain,
          kennysheep_generic_room_8
D:9:      layout_gridville, lair_entry_dummy, gammafunk_ghost_nasty_kobolds,
          uniq_prince_ribbit1
D:10:     layout_layer_cave

Skill      XL: |  1  2  3  4  5  6  7  8  9 10 |
---------------+-------------------------------+-----
Spellcasting   | 3 4 5 6 7 8 10 | 10.3
Fighting       | 1 2 3 4 5 |  5.5
Stealth        | 2 3 |  3.8
Dodging        | 3 4 |  4.4
Long Blades    | 1 2 |  2.6
Evocations     | 1 2 |  2.0

Action                   |  1- 3 |  4- 6 |  7- 9 | 10-12 || total
-------------------------+-------+-------+-------+-------++-------
Melee: Falchion          |     1 |    11 |    29 |    39 ||    80
       War axe           |       |       |       |     2 ||     2
 Cast: Foxfire           |    51 |       |    28 |     2 ||    81
       Scorch            |    22 |    74 |    39 |    27 ||   162
       Flame Wave        |       |     3 |    11 |    26 ||    40
       Conjure Flame     |       |       |     1 |       ||     1
Invok: Potion Petition   |       |       |       |     1 ||     1
       Call Merchant     |       |       |       |     1 ||     1
Evoke: Wand              |       |     4 |     5 |       ||     9
  Use: Potion            |       |     2 |     2 |     1 ||     5
       Scroll            |       |     2 |     3 |     2 ||     7
 Stab: Sleeping          |       |       |     2 |     3 ||     5
       Paralysed         |       |       |     1 |       ||     1
Armor: Robe              |     6 |     7 |    15 |    17 ||    45
       Skin              |       |     5 |     2 |       ||     7
Dodge: Dodged            |    18 |    34 |    46 |    56 ||   154

Table legend: (Time is in decaauts)
 A = Elapsed time spent in this place.
 B = Non-inter-level travel time spent in this place.
 C = Inter-level travel time spent in this place.
 D = Time resting spent in this place.
 E = Time spent auto-exploring this place.
 F = Levels seen in this place.
 G = Mean time per level.
                   A        B        C        D        E       F      G
               +--------+--------+--------+--------+--------+-----+--------+
         Total |  12769 |  12434 |    335 |   1730 |   9403 |  10 | 1276.9 |
       Dungeon |  12769 |  12434 |    335 |   1730 |   9403 |  10 | 1276.9 |
               +--------+--------+--------+--------+--------+-----+--------+

Top non-repeatable levels by time:
     D:3: 2090 daAuts
     D:4: 1982 daAuts
     D:2: 1725 daAuts
     D:1: 1603 daAuts
     D:8: 1535 daAuts
     D:6: 1101 daAuts
     D:9: 937 daAuts
     D:5: 898 daAuts
     D:7: 810 daAuts
    D:10: 85 daAuts
